 Dungeon Crawl Stone Soup version 0.28.0-1-gb440e238dd (webtiles) character file.

Game seed: 4171263112559271927

616 Ablot the Grasshopper (level 7, 0/56 HPs)
             Began as a Gnoll Warper on Feb 21, 2022.
             Slain by Duvessa (2 damage)
             ... on level 3 of the Dungeon.
             The game lasted 00:10:32 (5775 turns).

Ablot the Grasshopper (Gnoll Warper)                Turns: 5775, Time: 00:10:32

Health: 0/56       AC:  6    Str: 12    XL:     7   Next: 45%
Magic:  11/15      EV: 13    Int: 13    God:
Gold:   133        SH:  0    Dex: 11    Spells: 13/17 levels left

rFire   . . .      SeeInvis .   r - +0 falchion (elec)
rCold   . . .      Faith    .   (no shield)
rNeg    . . .      Spirit   .   b - +2 robe {Will+}
rPois   .          Reflect  .   l - +0 helmet
rElec   .          Harm     .   (no cloak)
rCorr   .          Rampage  .   j - +0 pair of gloves
Will    +....                   (no boots)
Stlth   ++........              m - amulet of the acrobat
HPRegen 0.18/turn               (no ring)
MPRegen 0.14/turn               (no ring)

@: very slightly contaminated
A: fangs 1, strong nose, distributed training
a: no special abilities


You were on level 3 of the Dungeon.
You visited 1 branch of the dungeon, and saw 4 of its levels.

You collected 133 gold pieces.

Inventory:

Hand Weapons
 a - a +0 spear
 r - a +0 falchion of electrocution (weapon)
 s - a +2 dagger of holy wrath
Missiles
 d - 5 boomerangs of dispersal (quivered)
 h - 54 stones
 n - 72 arrows
 q - a boomerang
Armour
 b - a +2 robe of willpower (worn)
 j - a +0 pair of gloves (worn)
 l - a +0 helmet (worn)
Magical Staves
 t - a staff of fire
Jewellery
 m - an amulet of the acrobat (around neck)
Scrolls
 c - a scroll of blinking
 e - a scroll of vulnerability {unknown}
 k - a scroll of teleportation {unknown}
 p - 2 scrolls of brand weapon {unknown}
Potions
 f - a potion of berserk rage {unknown}
 g - a potion of heal wounds {unknown}
 i - 2 potions of resistance {unknown}
 o - a potion of lignification {unknown}


   Skills:
 + Level 5.2 Fighting
 + Level 2.5 Short Blades
 + Level 2.5 Long Blades
 + Level 2.5 Axes
 + Level 2.5 Maces & Flails
 + Level 5.2 Polearms
 + Level 2.5 Staves
 + Level 2.5 Slings
 + Level 2.5 Bows
 + Level 2.5 Crossbows
 + Level 3.6 Throwing
 + Level 3.6 Armour
 + Level 5.2 Dodging
 + Level 2.5 Stealth
 + Level 2.5 Shields
 + Level 2.5 Unarmed Combat
 + Level 5.6 Spellcasting
 + Level 2.0 Conjurations
 + Level 2.0 Hexes
 + Level 2.0 Summonings
 + Level 2.0 Necromancy
 + Level 5.8 Translocations
 + Level 2.0 Transmutations
 + Level 2.0 Fire Magic
 + Level 2.0 Ice Magic
 + Level 2.0 Air Magic
 + Level 2.0 Earth Magic
 + Level 2.0 Poison Magic
 + Level 2.7 Invocations
 + Level 2.5 Evocations


You had 13 spell levels left.
You knew the following spells:

 Your Spells              Type           Power      Damage    Failure   Level
a - Blink                 Tloc           36%        N/A       2%          2
b - Searing Ray           Conj           18%        2d5       12%         2

Your spell library contained the following spells:

 Spells                   Type           Power      Damage    Failure   Level
 Gell's Gravitas          Tloc           18%        N/A       4%          3
 Lesser Beckoning         Tloc           18%        N/A       4%          3
 Teleport Other           Tloc           18%        N/A       4%          3
 Foxfire                  Conj/Fire      36%        2x1d5     8%          1
 Magic Dart               Conj           36%        1d4       8%          1
 Conjure Flame            Conj/Fire      9%         6-21      22%         3
 Inner Flame              Hex/Fire       9%         N/A       22%         3
 Manifold Assault         Tloc           18%        N/A       41%         5
 Flame Wave               Conj/Fire      9%         2d5       58%         4
 Fulminant Prism          Conj/Hex       4%         3d6       58%         4


Dungeon Overview and Level Annotations

Branches:
Dungeon (4/15)
 Temple: D:4-7

Altars:

Annotations:
D:3 Dowan, Duvessa, Edmund


Innate Abilities, Weirdness & Mutations

You have very sharp teeth.
Your uncanny sense of smell can sniff out nearby items.
Your experience applies equally to all skills.


Message History

Okay, then.
Casting: Searing Ray (safe; 12% risk of failure)
Confirm with . or Enter, or press ? or * to list all spells.
You blink.
Dowan mumbles some strange words.
Dowan blinks!
Duvessa hits you with a +0 short sword.
* * * LOW HITPOINT WARNING * * *
Duvessa closely misses you.
You feel stable enough to blink again.
Dowan gestures at Duvessa while chanting.
Duvessa seems to speed up.
Duvessa completely misses you. Duvessa completely misses you.
Duvessa barely misses you. Duvessa hits you but does no damage.
Dowan says, "Magic and the sword, together, will defeat you."
Duvessa barely misses you.
Dowan casts a spell.
Dowan blinks!
Dowan throws and catches a handful of magical flame, then smirks.
Dowan gestures wildly while chanting.
Dowan blinks!
Duvessa completely misses you. Duvessa misses you.
You closely miss Duvessa.
Duvessa is moderately wounded.
Duvessa hits you with a +0 short sword.
* * * LOW HITPOINT WARNING * * *
Duvessa hits you but does no damage.
Casting: Blink (safe; 2% risk of failure)
Confirm with . or Enter, or press ? or * to list all spells.
You miscast Blink.
You are very lightly contaminated with residual magic.
Nothing appears to happen.
Duvessa hits you with a +0 short sword.
* * * LOW HITPOINT WARNING * * *
Unknown command.
Casting: Blink (safe; 2% risk of failure)
Confirm with . or Enter, or press ? or * to list all spells.
You miscast Blink.
Nothing appears to happen.
Duvessa hits you with a +0 short sword.
You die...

######### #....§..#
###### #e#####.# #....#
#...# #.###.##.#####
###e# #.e.#e#.§>[...
##@#####.#.########
#......#.#.#####
#####....#.........##
#...................#
#.###.##.#..........#
###+#.................#
#..........#..........#
#..........#..........###
#..........#..........##.


You could see Duvessa (fast) and Dowan.

Vanquished Creatures
  Sigmund (D:2)
  Menkaure (D:4)
  A phantom (D:3)
  A centaur skeleton (D:4)
  An orc priest (D:4)
  A jelly (D:4)
  2 orc wizards (D:3)
  Robin (D:2)
  3 adders
  2 worms
  3 dart slugs
  9 orcs
  5 bats
  8 endoplasms
  A giant cockroach (D:4)
  13 goblins
  4 hobgoblins
  4 quokkas
  6 ball pythons
  2 frilled lizards
  6 kobolds
  4 rats
  3 toadstools (D:1)
82 creatures vanquished.

Vanquished Creatures (others)
  A toadstool (D:1)
1 creature vanquished.

Grand Total: 83 creatures vanquished

Notes
Turn   | Place    | Note
-------+----------+-------------------------------------------
     0 | D:1      | Ablot the Gnoll Warper began the quest for the Orb.
     0 | D:1      | Reached XP level 1. HP: 20/20 MP: 6/6
   284 | D:1      | Found a faded altar of an unknown god.
   311 | D:1      | Reached XP level 2. HP: 20/26 MP: 7/7
   314 | D:1      | Learned a level 2 spell: Blink
  1262 | D:2      | Reached XP level 3. HP: 23/31 MP: 9/9
  1362 | D:2      | Reached skill level 5 in Spellcasting
  1589 | D:2      | Reached skill level 1 in Invocations
  1849 | D:2      | Noticed Robin
  1866 | D:2      | Reached skill level 1 in Short Blades
  1866 | D:2      | Reached skill level 1 in Long Blades
  1866 | D:2      | Reached skill level 1 in Axes
  1866 | D:2      | Reached skill level 1 in Maces & Flails
  1866 | D:2      | Reached skill level 1 in Staves
  1866 | D:2      | Reached skill level 1 in Slings
  1866 | D:2      | Reached skill level 1 in Bows
  1866 | D:2      | Reached skill level 1 in Crossbows
  1866 | D:2      | Reached skill level 1 in Stealth
  1866 | D:2      | Reached skill level 1 in Shields
  1866 | D:2      | Reached skill level 1 in Unarmed Combat
  1866 | D:2      | Reached skill level 1 in Evocations
  1877 | D:2      | Reached XP level 4. HP: 16/38 MP: 11/11
  2133 | D:2      | Killed Robin
  2253 | D:2      | Noticed Sigmund
  2281 | D:2      | Killed Sigmund
  2282 | D:2      | Reached skill level 1 in Conjurations
  2282 | D:2      | Reached skill level 1 in Hexes
  2282 | D:2      | Reached skill level 1 in Summonings
  2282 | D:2      | Reached skill level 1 in Necromancy
  2282 | D:2      | Reached skill level 1 in Transmutations
  2282 | D:2      | Reached skill level 1 in Fire Magic
  2282 | D:2      | Reached skill level 1 in Ice Magic
  2282 | D:2      | Reached skill level 1 in Air Magic
  2282 | D:2      | Reached skill level 1 in Earth Magic
  2282 | D:2      | Reached skill level 1 in Poison Magic
  2282 | D:2      | Reached XP level 5. HP: 12/43 MP: 12/12
  2282 | D:2      | Reached XP level 6. HP: 14/50 MP: 13/13
  3156 | D:3      | Reached skill level 5 in Fighting
  3156 | D:3      | Reached skill level 5 in Polearms
  3156 | D:3      | Reached skill level 5 in Dodging
  4048 | D:4      | Learned a level 2 spell: Searing Ray
  4054 | D:4      | Noticed Edmund
  4067 | D:4      | HP: 2/51 [Edmund (3)]
  4794 | D:4      | Noticed Duvessa
  4794 | D:4      | Noticed Dowan
  4861 | D:4      | Noticed Menkaure
  4869 | D:4      | Killed Menkaure
  4870 | D:4      | Reached XP level 7. HP: 56/56 MP: 15/15
  5773 | D:3      | HP: 2/56 [Duvessa (5)]
  5775 | D:3      | Slain by Duvessa

Illustrated notes

Levels and vault maps discovered:
D:1:      ldierk_water_garden, layout_loops_corners,
          ebering_ecumenical_altar_sacrificial
D:2:      layout_basic, uniq_robin, uniq_sigmund
D:3:      layout_basic, hangedman_decor_clover_reticule
D:4:      layout_gridville, fountainhead, uniq_edmund, uniq_duvessa,
          uniq_menkaure

Skill      XL: |  1  2  3  4  5  6  7 |
---------------+----------------------+-----
Spellcasting   | 5 |  5.6
Invocations    | 1 2 |  2.7
Short Blades   | 1 2 |  2.5
Long Blades    | 1 2 |  2.5
Axes           | 1 2 |  2.5
Maces & Flails | 1 2 |  2.5
Staves         | 1 2 |  2.5
Slings         | 1 2 |  2.5
Bows           | 1 2 |  2.5
Crossbows      | 1 2 |  2.5
Stealth        | 1 2 |  2.5
Shields        | 1 2 |  2.5
Unarmed Combat | 1 2 |  2.5
Evocations     | 1 2 |  2.5
Throwing       | 3 |  3.6
Armour         | 3 |  3.6
Conjurations   | 1 2 |  2.0
Hexes          | 1 2 |  2.0
Summonings     | 1 2 |  2.0
Necromancy     | 1 2 |  2.0
Transmutations | 1 2 |  2.0
Fire Magic     | 1 2 |  2.0
Ice Magic      | 1 2 |  2.0
Air Magic      | 1 2 |  2.0
Earth Magic    | 1 2 |  2.0
Poison Magic   | 1 2 |  2.0
Fighting       | 5 |  5.2
Polearms       | 5 |  5.2
Dodging        | 5 |  5.2
Translocations | |  5.8

Action                   |  1- 3 |  4- 6 |  7- 9 || total
-------------------------+-------+-------+-------++-------
Melee: Spear             |   125 |   106 |       ||   231
       Bite              |    11 |    20 |     3 ||    34
       Punch             |     3 |     4 |       ||     7
       Falchion          |       |    60 |    46 ||   106
       Dagger            |       |     1 |       ||     1
 Cast: Blink             |       |     2 |     1 ||     3
       Searing Ray       |       |       |     1 ||     1
 Stab: Sleeping          |     3 |     4 |       ||     7
Armor: Robe              |    14 |    23 |    13 ||    50
Dodge: Dodged            |    54 |    92 |    45 ||   191
